 Dungeon Sprint DCSS version 0.30-a0-860-g512cf1e979 (webtiles) character file.

Game seed: 13275825090299661144

1138 rocky1 the Earth Mage (level 11, -3/96 HPs)
             Began as a Deep Elf Earth Elementalist on Mar 8, 2023.
             Was the Champion of Vehumet.
             Slain by a silent spectre (11 damage)
             ... in the Dungeon (Sprint VI: "Thunderdome").
             The game lasted 00:19:54 (1354 turns).

rocky1 the Earth Mage (Deep Elf Earth Elementalist) Turns: 1354, Time: 00:19:54

Health: -3/96      AC:  2    Str:  5    XL:     11   Next: 42%
Magic:  4/41       EV: 13    Int: 35    God:    Vehumet [******]
Gold:   321        SH:  5    Dex: 20    Spells: 3/41 levels left

rFire   . . .      SeeInvis .    A - +1 dire flail (freeze)
rCold   + . .      Faith    .    (shield currently unavailable)
rNeg    . . .      Spirit   .    a - +0 robe
rPois   .          Reflect  +    (no helmet)
rElec   .          Rampage  .    (no cloak)
rCorr   .          NoTele   +    (no gloves)
Will    +....                    (no boots) Stlth
                                 u - amulet "Segaitz" {Reflect rC+ Int+4 SH+5 Stlth+}
HPRegen 0.36/turn                m - ring of Fixation {MP+9 Dex+3}
MPRegen 0.27/turn                o - ring of the Crown {Int+6 Dex+2}

@: berserking, silenced, very quick
A: no striking features
}: 1/15 runes: serpentine
a: Renounce Religion


You were in the Dungeon.
You worshipped Vehumet.
Vehumet was exalted by your worship.
You visited 1 branch You collected 1380 gold pieces.
You spent 1059 gold pieces at shops.

Inventory:

Hand Weapons
 A - a +1 dire flail of freezing (weapon)
Armour
 a - a +0 robe (worn)
Jewellery
 c - the ring of the Enchanting Pariah {+Blink rC++ AC+4}
   (You bought it in a shop in the Dungeon)

   [ring of protection]

   AC:        It affects your AC (+4).
   rC:        It greatly protects you from cold.
   +Blink:    It lets you blink.
 l - the amulet of the Priest {Reflect Rampage rPois rN+ SH+5}
   (You bought it in a shop in the Dungeon)

   [amulet of reflection]

   It reflects blocked missile attacks.
   rPois:     It protects you from poison.
   rN:        It protects you from negative energy.
   SH:        It affects your SH (+5).
   Rampage:   It bestows one free step when moving towards enemies.
 m - the ring of Fixation (left hand) {MP+9 Dex+3}
   (You bought it in a shop in the Dungeon)

   [ring of magical power]

   Dex:       It affects your dexterity (+3).
   MP:        It affects your magic capacity (+9).
 n - the ring "Zukhaul" {Ice Str+2 Slay+2}
   (You bought it in a shop in the Dungeon)

   [ring of ice]

   It enhances your ice magic.
   Str:       It affects your strength (+2).
   Slay:      It affects your accuracy & damage with ranged weapons and melee
   (+2).
   rF:        It makes you vulnerable to fire.
   rC:        It protects you from cold.
 o - the ring of the Crown (right hand) {Int+6 Dex+2}
   (You bought it in a shop in the Dungeon)

   [ring of intelligence]

   Int:       It affects your intelligence (+6).
   Dex:       It affects your dexterity (+2).
 p - the amulet "Fyliwy" {Reflect Slay+2 SH+5}
   (You bought it in a shop in the Dungeon)

   [amulet of reflection]

   It reflects blocked missile attacks.
   Slay:      It affects your accuracy & damage with ranged weapons and melee
   (+2).
   SH:        It affects your SH (+5).
 q - the amulet of False Pretenses {Regen+ Str+6 Dex+3}
   (You bought it in a shop in the Dungeon)

   [amulet of regeneration]

   Str:       It affects your strength (+6).
   Dex:       It affects your dexterity (+3).
   Regen:     It increases your rate of health regeneration.
 r - the amulet "Gywyfah" {Reflect *Slow rN+ MP+9 Dex+6 SH+5}
   (You bought it in a shop in the Dungeon)

   [amulet of reflection]

   It reflects blocked missile attacks.
   Dex:       It affects your dexterity (+6).
   rN:        It protects you from negative energy.
   MP:        It affects your magic capacity (+9).
   *Slow:     It may slow you when you take damage.
   SH:        It affects your SH (+5).
 s - the ring of Odeakixt {Fly rF+}
   (You bought it in a shop in the Dungeon)

   [ring of flight]

   rF:        It protects you from fire.
   Fly:       It grants you flight.
 t - the ring "Waogidgh" {rElec MP+9 Slay+2}
   (You bought it in a shop in the Dungeon)

   [ring of magical power]

   Slay:      It affects your accuracy & damage with ranged weapons and melee
   (+2).
   rElec:     It insulates you from electricity.
   MP:        It affects your magic capacity (+9).
 u - the amulet "Segaitz" (around neck) {Reflect rC+ Int+4 SH+5 Stlth+}
   (You bought it in a shop in the Dungeon)

   [amulet of reflection]

   It reflects blocked missile attacks.
   Int:       It affects your intelligence (+4).
   rC:        It protects you from cold.
   SH:        It affects your SH (+5).
   Stlth:     It makes you more stealthy.
 v - the ring of Muri {rC+ rN++ Will+ Int-3}
   (You bought it in a shop in the Dungeon)

   [ring of protection from cold]

   Int:       It affects your intelligence (-3).
   rC:        It protects you from cold.
   rN:        It greatly protects you from negative energy.
   Will:      It increases your willpower.
 w - the amulet of Kacaskeg {Spirit rPois Will+ Str+3 Int+4}
   (You bought it in a shop in the Dungeon)

   [amulet of guardian spirit]

   It causes incoming damage to be divided between your reserves of health and
   magic.
   Str:       It affects your strength (+3).
   Int:       It affects your intelligence (+4).
   rPois:     It protects you from poison.
   Will:      It increases your willpower.
 x - the ring "Fuut" {Fire rElec Will+++ Int-4 Dex-3}
   (You bought it in a shop in the Dungeon)

   [ring of fire]

   It enhances your fire magic.
   Int:       It affects your intelligence (-4).
   Dex:       It affects your dexterity (-3).
   rF:        It protects you from fire.
   rC:        It makes you vulnerable to cold.
   rElec:     It insulates you from electricity.
   Will:      It greatly increases your willpower.
 y - the ring of Yzxin {rPois Will++ Str-5}
   (You bought it in a shop in the Dungeon)

   [ring of poison resistance]

   Str:       It affects your strength (-5).
   rPois:     It protects you from poison.
   Will:      It greatly increases your willpower.
 z - the ring "Joanut" {EV+5 Int+3}
   (You bought it in a shop in the Dungeon)

   [ring of evasion]

   EV:        It affects your evasion (+5).
   Int:       It affects your intelligence (+3).
Wands
 i - a wand of acid (5)
 j - a wand of iceblast (5)
Scrolls
 g - 2 scrolls of blinking
 k - 3 scrolls of fog
Potions
 b - a potion of magic
 d - a potion of heal wounds
 e - 4 potions of haste
 h - a potion of resistance


   Skills:
 - Level 5.8 Fighting
 - Level 2.5 Dodging
 - Level 2.5 Stealth
 + Level 15.8 Spellcasting
 * Level 17.7 Conjurations
 - Level 1.1 Transmutations
 + Level 4.7 Fire Magic
 * Level 18.7 Earth Magic


You had 3 spell levels left.
You knew the following spells:

 Your Spells              Type           Power      Damage    Failure   Level
a - Sandblast             Erth           100%       2d20      0%          1
b - Stone Arrow           Conj/Erth      100%       3d13      0%          3
c - Iron Shot             Conj/Erth      50%        9d10      1%          6
d - Iskenderun's Battles  Conj           100%       2d15      1%          5
e - Iskenderun's Mystic   Conj/Tloc      74%        2d15      1%          4
f - Orb of Destruction    Conj           50%        9d13      1%          7
g - Fireball              Conj/Fire      41%        3d17      1%          5
h - Spellforged Servitor  Conj/Summ      37%        N/A       9%          7

Your spell library contained the following spells:

 Spells                   Type           Power      Damage    Failure   Level
 Starburst                Conj/Fire      41%        6d12      1%          6
 Passwall                 Tmut/Erth      64%        N/A       1%          2
 Petrify                  Tmut/Erth      77%        N/A       1%          4


Dungeon Overview and Level Annotations

Branches:
Dungeon (1/1)

Altars:
Cheibriados
Dithmenos
Fedhas
Gozag
Kikubaaqudgha
Makhleb
Okawaru
Qazlal
Ru
Sif Muna
Trog
Uskayaw
Vehumet
Wu Jian
Xom
Yredelemnul
Zin
The Shining One
Lugonu

Shops:
D [??*?*:[((!!!!


Message History

Aim: a wight, wielding a +1 dire flail of freezing and wearing a +0 robe (silenced, heavily damaged, 78% to hit)
The stone arrow hits the wight!!
You destroy the wight!
Vehumet accepts your kill.
You feel your power returning.
Unknown command.
Okay, then.
You cannot cast spells when silenced!
You cannot cast spells when silenced!
Things that are here:
a +1 dire flail of freezing; a +0 robe
A - a +1 dire flail of freezing A silent spectre comes into view.
Your +1 dire flail of freezing glows with a cold blue light!
A - a +1 dire flail of freezing (weapon)
Unknown command.
Okay, then.
You hit the shadow.
The shadow is lightly damaged.
You block the shadow's attack.
The silent spectre fades in and out of visibility.
A red film seems to cover your vision as you go berserk!
You feel yourself moving faster!
You feel mighty!
The shadow slips into darkness.
The shadow flickers and vanishes!
Deactivating autopickup; reactivate with Ctrl-A.
You block the silent spectre's attack.
You closely miss something.
The shadow strikes at you from the darkness!
The silent spectre hits you!
You hit something.
The shadow strikes at you from the darkness!
* * * LOW HITPOINT WARNING * * *
Reactivating autopickup.
The silent spectre hits you.
* * * LOW HITPOINT WARNING * * *
You closely miss the silent spectre. The shadow hits you.
* * * LOW HITPOINT WARNING * * *
The silent spectre hits you!
You die...

#_......._# #........_#
#........_#
###..†..)...###
#⌠).......)..⌠#
###.8.........8.######
__......###......_._∩##
......8.# #.8........∩###
........###....W@.[.....##
.....###...###..W.......⌠#
.....# #.<.# #..........⌠#
.....###...###..........⌠#
........###.....="......##
......8.# #.8........∩###
__......###......___∩##
###W8.........8.######
#§...........⌠#


You could see a silent spectre (silencing) and a shadow (unsilenced).

Vanquished Creatures
  Josephine (D)
  3 boulder beetles (D)
  Aizul (D)
  A pharaoh ant (D)
  A torpor snail (D)
  2 rust devils (D)
  2 rime drakes (D)
  3 guardian mummies (D)
  A tarantella (D)
  3 blink frogs (D)
  A culicivora (D)
  A jumping spider (D)
  A redback (D)
  3 ice beasts (D)
  2 earth elementals (D)
  3 bullfrogs (D)
  A necrophage (D)
  2 wights (D)
  2 jellies (D)
  2 iron imps (D)
  4 mummies (D)
  3 adders (D)
  An adder zombie (D)
  3 ball pythons (D)
  3 endoplasms (D)
  A ball python simulacrum (D)
51 creatures vanquished.

Vanquished Creatures (collateral kills)
  2 skeletal warriors (D)
  A phantom (D)
3 creatures vanquished.

Grand Total: 54 creatures vanquished

Notes
Turn   | Place    | Note
-------+----------+-------------------------------------------
     0 | D        | rocky1 the Deep Elf Earth Elementalist began the quest for
                  | the Orb.
     0 | D        | Reached XP level 1. HP: 10/10 MP: 6/6
     5 | D        | Round 1.
     6 | D        | Found a glowing silver altar of Zin.
     7 | D        | Found a corrupted altar of Lugonu.
     8 | D        | Found a blossoming altar of Fedhas.
     8 | D        | Found an iron altar of Okawaru.
     9 | D        | Found an opulent altar of Gozag.
     9 | D        | Found a sacrificial altar of Ru.
     9 | D        | Found Bech's Identification Station.
    10 | D        | Found Orireisch's Jewellery.
    10 | D        | Found Mesch's Advanced Armour.
    15 | D        | Found an ancient bone altar of Kikubaaqudgha.
    18 | D        | Found a basalt altar of Yredelemnul.
    19 | D        | Found Ruic's Premium Goods.
    20 | D        | Found a shimmering altar of Xom.
    20 | D        | Found a radiant altar of Vehumet.
    20 | D        | Found Ifeuwywe's Weapon Rack.
    20 | D        | Found Jubbesy's Miscellaneous Merchandise.
    20 | D        | Found Bodwagh's Basic Armour.
    24 | D        | Found a stormy altar of Qazlal.
    33 | D        | Reached skill level 4 in Earth Magic
    36 | D        | Became a worshipper of Vehumet
    40 | D        | Found a shimmering blue altar of Sif Muna.
    40 | D        | Found a hide-covered altar of Uskayaw.
    41 | D        | Found Hapteod's Do-It-Yourself Clinic.
    42 | D        | Found Sillusko's Bottled Wisdom.
    42 | D        | Found Hauqeipp's Distillery.
    43 | D        | Found a bloodstained altar of Trog.
    43 | D        | Found a glowing golden altar of the Shining One.
    43 | D        | Found Qixtyo's Distillery.
    47 | D        | Found an ornate altar of the Wu Jian Council.
    48 | D        | Found a shadowy altar of Dithmenos.
    49 | D        | Found a burning altar of Makhleb.
    50 | D        | Found Womecal's Staff Store.
    51 | D        | Found a snail-covered altar of Cheibriados.
    51 | D        | Found Tyji's Magic Scroll Shop.
    51 | D        | Found Ugefro's Must-Have Magic.
    51 | D        | Found Kovaploi's Magic Scroll Shop.
    69 | D        | Reached skill level 5 in Earth Magic
    69 | D        | Reached XP level 2. HP: 15/15 MP: 5/9
    76 | D        | Reached * piety under Vehumet
    76 | D        | Offered knowledge of Freeze by Vehumet.
    86 | D        | Arena points: 14 (+14) [x2]
    87 | D        | Reached skill level 5 in Spellcasting
    87 | D        | Reached skill level 6 in Earth Magic
    87 | D        | Reached XP level 3. HP: 19/19 MP: 3/11
    97 | D        | Bought a sparkling steel amulet for 45 gold pieces
    97 | D        | Identified the amulet of the Priest {Reflect Rampage rPois
                  | rN+ SH+5} (You bought it in a shop in the Dungeon)
    97 | D        | Bought a faintly glowing bronze ring for 45 gold pieces
    97 | D        | Identified the ring of Fixation {MP+9 Dex+3} (You bought it
                  | in a shop in the Dungeon)
    97 | D        | Bought a smoking brass amulet for 45 gold pieces
    97 | D        | Identified the amulet "Juecyes" {Spirit rCorr} (You bought
                  | it in a shop in the Dungeon)
    97 | D        | Bought a clouded bone ring for 45 gold pieces
    97 | D        | Identified the ring of the Crown {Int+6 Dex+2} (You bought
                  | it in a shop in the Dungeon)
   109 | D        | Learned a level 3 spell: Stone Arrow
   153 | D        | Round 2.
   184 | D        | Reached ** piety under Vehumet
   217 | D        | Reached skill level 7 in Earth Magic
   248 | D        | Offered knowledge of Shock by Vehumet.
   249 | D        | Reached XP level 4. HP: 24/24 MP: 14/14
   250 | D        | Arena points: 50 (+36) [x3]
   320 | D        | Round 3.
   322 | D        | Noticed a bullfrog
   323 | D        | Killed a bullfrog
   323 | D        | Reached *** piety under Vehumet
   323 | D        | Noticed a bullfrog
   323 | D        | Noticed a blink frog
   323 | D        | Noticed a blink frog
   324 | D        | Reached skill level 5 in Conjurations
   324 | D        | Reached skill level 8 in Earth Magic
   324 | D        | Reached XP level 5. HP: 28/28 MP: 16/16
   325 | D        | Noticed a blink frog
   327 | D        | Killed a blink frog
   328 | D        | Reached skill level 10 in Earth Magic
   328 | D        | Reached XP level 6. HP: 32/32 MP: 19/19
   328 | D        | Killed a blink frog
   329 | D        | Reached skill level 11 in Earth Magic
   332 | D        | Reached XP level 7. HP: 10/36 MP: 22/22
   334 | D        | Reached **** piety under Vehumet
   335 | D        | Reached skill level 10 in Spellcasting
   335 | D        | Reached skill level 10 in Conjurations
   336 | D        | Killed a blink frog
   336 | D        | Arena points: 134 (+84) [x4]
   337 | D        | Reached skill level 12 in Earth Magic
   393 | D        | Round 4.
   415 | D        | Noticed a rime drake
   417 | D        | Offered knowledge of Searing Ray by Vehumet.
   422 | D        | Killed a rime drake
   423 | D        | Reached skill level 13 in Earth Magic
   423 | D        | Reached XP level 8. HP: 38/41 MP: 22/25
   432 | D        | Noticed a rime drake
   435 | D        | Killed a rime drake
   439 | D        | Reached ***** piety under Vehumet
   440 | D        | Reached skill level 14 in Earth Magic
   443 | D        | Arena points: 274 (+140) [x5]
   507 | D        | Round 5.
   522 | D        | Noticed Aizul
   538 | D        | Killed Aizul
   538 | D        | Arena points: 554 (+280) [x7]
   539 | D        | Reached XP level 9. HP: 14/45 MP: 2/27
   541 | D        | Got a serpentine rune of Zot
   543 | D        | Reached skill level 5 in Fighting
   543 | D        | Reached XP level 10. HP: 21/60 MP: 3/28
   695 | D        | Bought a book of Power for 294 gold pieces
   702 | D        | Learned a level 6 spell: Iron Shot
   708 | D        | Learned a level 5 spell: Iskenderun's Battlesphere
   744 | D        | Round 6.
   752 | D        | Offered knowledge of Iskenderun's Mystic Blast by Vehumet.
   753 | D        | Reached skill level 15 in Earth Magic
   758 | D        | Learned a level 4 spell: Iskenderun's Mystic Blast
   786 | D        | Noticed a pharaoh ant
   791 | D        | Killed a pharaoh ant
   791 | D        | Offered knowledge of Kindle Blastsparks by Vehumet.
   802 | D        | Noticed a boulder beetle
   804 | D        | Noticed a torpor snail
   805 | D        | HP: 1/60 [boulder beetle (23)]
   816 | D        | Killed a torpor snail
   829 | D        | Reached skill level 16 in Earth Magic
   832 | D        | Killed a boulder beetle
   832 | D        | Reached ****** piety under Vehumet
   833 | D        | Reached skill level 15 in Conjurations
   859 | D        | Arena points: 938 (+384) [x8]
   884 | D        | Round 7.
   926 | D        | Offered knowledge of Orb of Destruction by Vehumet.
   935 | D        | Learned a level 7 spell: Orb of Destruction
  1016 | D        | Reached skill level 17 in Earth Magic
  1024 | D        | Arena points: 994 (+56) [x1]
  1039 | D        | Round 8.
  1045 | D        | Noticed a boulder beetle
  1053 | D        | Killed a boulder beetle
  1072 | D        | Bought a fine glass ring for 45 gold pieces
  1072 | D        | Identified the ring of the Enchanting Pariah {+Blink rC++
                  | AC+4} (You bought it in a shop in the Dungeon)
  1072 | D        | Bought a bound marble ring for 45 gold pieces
  1072 | D        | Identified the ring "Zukhaul" {Ice Str+2 Slay+2} (You
                  | bought it in a shop in the Dungeon)
  1072 | D        | Bought a heavily runed diamond amulet for 45 gold pieces
  1072 | D        | Identified the amulet "Fyliwy" {Reflect Slay+2 SH+5} (You
                  | bought it in a shop in the Dungeon)
  1072 | D        | Bought a heavily runed tin amulet for 45 gold pieces
  1072 | D        | Identified the amulet of False Pretenses {Regen+ Str+6
                  | Dex+3} (You bought it in a shop in the Dungeon)
  1072 | D        | Bought a faintly glowing lead amulet for 45 gold pieces
  1072 | D        | Identified the amulet "Gywyfah" {Reflect *Slow rN+ MP+9
                  | Dex+6 SH+5} (You bought it in a shop in the Dungeon)
  1072 | D        | Bought a vibrating bronze ring for 45 gold pieces
  1072 | D        | Identified the ring of Odeakixt {Fly rF+} (You bought it in
                  | a shop in the Dungeon)
  1072 | D        | Bought a warped bone ring for 45 gold pieces
  1072 | D        | Identified the ring "Waogidgh" {rElec MP+9 Slay+2} (You
                  | bought it in a shop in the Dungeon)
  1072 | D        | Bought a flickering iron amulet for 45 gold pieces
  1072 | D        | Identified the amulet "Segaitz" {Reflect rC+ Int+4 SH+5
                  | Stlth+} (You bought it in a shop in the Dungeon)
  1072 | D        | Bought a translucent bronze ring for 45 gold pieces
  1072 | D        | Identified the ring of Muri {rC+ rN++ Will+ Int-3} (You
                  | bought it in a shop in the Dungeon)
  1072 | D        | Bought a fine brass amulet for 45 gold pieces
  1072 | D        | Identified the amulet of Kacaskeg {Spirit rPois Will+ Str+3
                  | Int+4} (You bought it in a shop in the Dungeon)
  1072 | D        | Bought a heavily runed granite ring for 45 gold pieces
  1072 | D        | Identified the ring "Fuut" {Fire rElec Will+++ Int-4 Dex-3}
                  | (You bought it in a shop in the Dungeon)
  1072 | D        | Bought a glittering bone ring for 45 gold pieces
  1072 | D        | Identified the ring of Yzxin {rPois Will++ Str-5} (You
                  | bought it in a shop in the Dungeon)
  1072 | D        | Bought a translucent tin ring for 45 gold pieces
  1072 | D        | Identified the ring "Joanut" {EV+5 Int+3} (You bought it in
                  | a shop in the Dungeon)
  1097 | D        | Noticed a rust devil
  1102 | D        | Killed a rust devil
  1103 | D        | Reached XP level 11. HP: 64/64 MP: 31/31
  1145 | D        | Offered knowledge of Fireball by Vehumet.
  1152 | D        | Learned a level 5 spell: Fireball
  1158 | D        | Noticed a boulder beetle
  1164 | D        | Killed a boulder beetle
  1165 | D        | Reached skill level 15 in Spellcasting
  1165 | D        | Reached skill level 18 in Earth Magic
  1168 | D        | Arena points: 1138 (+144) [x2]
  1224 | D        | Round 9.
  1267 | D        | Noticed Josephine
  1271 | D        | Killed Josephine
  1273 | D        | Offered knowledge of Starburst by Vehumet.
  1281 | D        | Noticed a skeletal warrior
  1283 | D        | Learned a level 7 spell: Spellforged Servitor
  1289 | D        | Killed a skeletal warrior
  1292 | D        | Noticed a skeletal warrior
  1298 | D        | Killed a skeletal warrior
  1354 | D        | Slain by a silent spectre

Illustrated notes

Levels and vault maps discovered:
D:        arena_sprint

Skill      XL: |  1  2  3  4  5  6  7  8  9 10 11 |
---------------+----------------------------------+-----
Earth Magic    | 5 6 7 8 10 11 13 14 17 18 | 18.7
Spellcasting   | 4 5 6 7 8 9 11 12 14 15 | 15.8
Conjurations   | 3 5 8 9 11 13 16 17 | 17.7
Fighting       | 5 |  5.8
Fire Magic     | 4 |  4.7
Dodging        | |  2.5
Stealth        | |  2.5
Transmutations | |  1.1

Action                     |  1- 3 |  4- 6 |  7- 9 | 10-12 || total
---------------------------+-------+-------+-------+-------++-------
  Melee: Dire flail        |       |       |       |     4 ||     4
   Cast: Sandblast         |    13 |     8 |     3 |     6 ||    30
         Stone Arrow       |       |       |    27 |    41 ||    68
         Iron Shot         |       |       |       |    17 ||    17
         Orb of Destructio |       |       |       |     3 ||     3
         Iskenderun's Batt |       |       |       |     2 ||     2
         Spellforged Servi |       |       |       |     1 ||     1
    Use: Potion            |       |       |     4 |     4 ||     8
         Scroll            |       |       |     1 |     1 ||     2
 Armour: Robe              |     1 |     2 |       |     1 ||     4
  Dodge: Dodged            |     1 |     3 |     4 |     6 ||    14
  Block: Other             |       |     4 |     4 |     8 ||    16

Table legend: (Time is in decaauts)
 A = Elapsed time spent in this place.
 B = Non-inter-level travel time spent in this place.
 C = Inter-level travel time spent in this place.
 D = Time resting spent in this place.
 E = Time spent auto-exploring this place.
 F = Levels seen in this place.
 G = Mean time per level.
                   A        B        C        D        E       F      G
               +--------+--------+--------+--------+--------+-----+--------+
         Total |   1374 |   1372 |      2 |    566 |     16 |   1 | 1374.0 |
       Dungeon |   1374 |   1372 |      2 |    566 |     16 |   1 | 1374.0 |
               +--------+--------+--------+--------+--------+-----+--------+

Top non-repeatable levels by time:
       D: 1374 daAuts
